 Dungeon Crawl Stone Soup version 0.28-a0-768-g8c92f1e708 (webtiles) character file.

Game seed: 2644471907588872541

137 DungeonMaster the Covert (level 5, -2/27 HPs)
             Began as a Spriggan Delver on Oct 31, 2021.
             Slain by a bullfrog (5 damage)
             ... on level 6 of the Dungeon.
             The game lasted 00:02:48 (489 turns).

DungeonMaster the Covert (Spriggan Delver)           Turns: 489, Time: 00:02:49

Health: -2/27      AC:  2    Str:  8    XL:     5   Next: 0%
Magic:  6/6        EV: 19    Int: 11    God:
Gold:   63         SH:  0    Dex: 18    Spells: 4/4 levels left

rFire   . . .      SeeInvis +   a - +0 short sword
rCold   . . .      Faith    .   (shield restricted)
rNeg    . . .      Spirit   .   b - +0 robe
rPois   .          Reflect  .   (helmet restricted)
rElec   .          Harm     .   (no cloak)
rCorr   .          Rampage  .   (gloves unavailable)
Will    .....                   (boots unavailable)
Stlth   ++++......              (no amulet)
HPRegen 0.09/turn               (no ring)
MPRegen 0.10/turn               (no ring)

@: very quick
A: very small, no large weapons, unfitting armour, see invisible, speed 3
a: no special abilities


You were on level 6 of the Dungeon.
You visited 1 branch of the dungeon, and saw 3 of its levels.

You collected 63 gold pieces.

Inventory:

Hand Weapons
 a - a +0 short sword (weapon)
 w - a +0 shortbow
Missiles
 i - 29 arrows
Armour
 b - a +0 robe (worn)
Wands
 g - a wand of digging (3)
 j - a wand of paralysis (9)
Scrolls
 c - a scroll of fog
 d - a scroll of magic mapping
 e - a scroll of fear
 h - a scroll of identify {unknown}
 k - a scroll of silence {unknown}
Potions
 f - a potion of haste
 l - a potion of brilliance {unknown}


   Skills:
 - Level 2.4 Fighting
 + Level 3.2 Short Blades
 * Level 4.8 Dodging
 * Level 8.7 Stealth


You had 4 spell levels left.
You didn't know any spells.
Your spell library contained the following spells:

 Spells                   Type           Power      Damage    Failure   Level
 Magic Dart               Conj           0%         1d3       34%         1
 Call Imp                 Summ           0%         N/A       47%         2
 Mephitic Cloud           Conj/Pois/Air  0%         N/A       71%         3


Dungeon Overview and Level Annotations

Branches:
Dungeon (7/15)
 Temple: D:4-7

Altars:

Portals:
Ossuary: D:5


Innate Abilities, Weirdness & Mutations

You are very small and have problems with some larger weapons.
You are too small for most types of armour.
You have supernaturally acute eyesight. (SInv)
You cover ground extremely quickly. (Speed+++)


Message History

You climb downwards.
The bullfrog barely misses you. x2
The bullfrog hits you.
There is a stone staircase leading up here.
You hit the bullfrog.
The bullfrog is lightly wounded.
The bullfrog misses you.
You closely miss the bullfrog.
The bullfrog is lightly wounded.
The bullfrog completely misses you. The bullfrog closely misses you.
You hit the bullfrog.
The bullfrog is moderately wounded.
The bullfrog completely misses you.
You closely miss the bullfrog.
The bullfrog is moderately wounded.
The bullfrog hits you.
You hit the bullfrog.
The bullfrog is heavily wounded.
The bullfrog misses you. x2
You hit the bullfrog.
The bullfrog is severely wounded.
The bullfrog hits you!
You completely miss the bullfrog.
The bullfrog is severely wounded.
The bullfrog closely misses you. The bullfrog completely misses you.
You hit the bullfrog.
The bullfrog is almost dead.
The bullfrog hits you.
* * * LOW HITPOINT WARNING * * *
You closely miss the bullfrog.
The bullfrog is almost dead.
The bullfrog completely misses you.
You hit the bullfrog but do no damage.
The bullfrog is almost dead.
The bullfrog hits you.
* * * LOW HITPOINT WARNING * * *
The bullfrog closely misses you.
You barely miss the bullfrog.
The bullfrog is almost dead.
The bullfrog hits you.
You die...

##################
...>..............
.......#..........
####
.......#..........
#...
.......#...#######
#.##
.......#.....#.F@#
#...
....Z..#.#.#.#.###
#####..#
.......#.#.......#.#.#
.......#
.......+..............
........
.......#.#...#...#.#.#
######.#
.......#$#...#.......
#.# ......##
#...#.####### #.#
......+ #.#.#(. #.#
......####.#...# ..#


You could see a bullfrog.

Vanquished Creatures
  A centaur (D:7)
  A jelly (D:6)
  An iguana (D:6)
  A white imp (D:7)
  An orc (D:7)
5 creatures vanquished.

Notes
Turn   | Place    | Note
-------+----------+-------------------------------------------
     0 | D:5      | DungeonMaster the Spriggan Delver began the quest for the
                  | Orb.
     0 | D:5      | Reached XP level 1. HP: 11/11 MP: 2/2
    44 | D:5      | Noticed an iguana
    53 | D:5      | Noticed a scorpion
    74 | D:6      | Noticed a jelly
    82 | D:6      | Killed a jelly
    83 | D:6      | Reached XP level 2. HP: 16/16 MP: 3/3
    83 | D:6      | Reached XP level 3. HP: 19/19 MP: 4/4
   127 | D:6      | Reached skill level 8 in Stealth
   247 | D:7      | Noticed a centaur
   261 | D:7      | Killed a centaur
   262 | D:7      | Reached XP level 4. HP: 23/23 MP: 5/5
   262 | D:7      | Reached XP level 5. HP: 27/27 MP: 6/6
   432 | D:5      | Found a sand-covered staircase.
   489 | D:6      | Slain by a bullfrog

Illustrated notes

Levels and vault maps discovered:
D:5:      layout_basic, nicolae_ossuary_entry_monument
D:6:      layout_basic, nicolae_wu_jian_immortal_techniques,
          mainiacjoe_overflow_paths, guppyfry_early_elven_hall
D:7:      layout_basic, minmay_temple_entry_proselytizer, dk_noncrumbling_3,
          uniq_maggie

Skill      XL: |  1  2  3 |
---------------+----------+-----
Dodging        | 3 4 |  4.8
Stealth        | 8 |  8.7
Short Blades   | 3 |  3.2
Fighting       | |  2.4

Action                   |  1- 3 |  4- 6 || total
-------------------------+-------+-------++-------
Melee: Short sword       |    12 |    11 ||    23
 Stab: Sleeping          |     4 |       ||     4
Dodge: Dodged            |     6 |    20 ||    26

Table legend: (Time is in decaauts)
 A = Elapsed time spent in this place.
 B = Non-inter-level travel time spent in this place.
 C = Inter-level travel time spent in this place.
 D = Time resting spent in this place.
 E = Time spent auto-exploring this place.
 F = Levels seen in this place.
 G = Mean time per level.
                   A        B        C        D        E       F      G
               +--------+--------+--------+--------+--------+-----+--------+
         Total |    346 |    346 |      0 |     77 |      0 |   3 |  115.3 |
       Dungeon |    346 |    346 |      0 |     77 |      0 |   3 |  115.3 |
               +--------+--------+--------+--------+--------+-----+--------+

Top non-repeatable levels by time:
     D:7: 172 daAuts
     D:6: 99 daAuts
     D:5: 74 daAuts
